 Dungeon Crawl Stone Soup version 0.28-a0-2-g643f2454ad (webtiles) character file.

Game seed: 1006183702638464696

161 Sin92 the Skirmisher (level 5, -3/41 HPs)
             Began as a Demonspawn Fighter on July 22, 2021.
             Succumbed to a water moccasin's poison
             ... in a sewer.
             The game lasted 00:02:42 (2398 turns).

Sin92 the Skirmisher (Demonspawn Fighter)           Turns: 2398, Time: 00:02:43

Health: -3/41      AC:  6    Str: 17    XL:     5   Next: 18%
Magic:  5/5        EV:  7    Int:  9    God:
Gold:   96         SH: 10    Dex: 13    Spells: 4/4 levels left

rFire   . . .      SeeInvis .   a - +0 war axe
rCold   . . .      Faith    .   c - +1 kite shield
rNeg    . . .      Spirit   .   b - +0 scale mail
rPois   .          Reflect  .   (no helmet)
rElec   .          Harm     .   (no cloak)
rCorr   .          Rampage  .   (no gloves)
Will    .....                   (no boots)
Stlth   ..........              (no amulet)
HPRegen 0.13/turn               (no ring)
MPRegen 0.09/turn               (no ring)

@: lethally poisoned (-3 -> -26)
A: claws 2, powered by death 1
a: no special abilities


You were in a sewer.
You visited 1 branch of the dungeon, and saw 3 of its levels.
You also visited: Sewer.

You collected 96 gold pieces.

Inventory:

Hand Weapons
 a - a +0 war axe (weapon)
Armour
 b - a +0 scale mail (worn)
 c - a +1 kite shield (worn)
Scrolls
 f - a scroll of noise
 i - 4 scrolls of identify


   Skills:
 + Level 3.6 Fighting
 * Level 3.1 Axes
 + Level 3.2 Armour
 + Level 1.5 Dodging
 + Level 3.3 Shields


You had 4 spell levels left.
You didn't know any spells.
Your spell library contained the following spells:

 Spells                   Type           Power      Damage    Failure   Level
 Apportation              Tloc           0%         N/A       99%         1
 Freeze                   Ice            0%         1d3       99%         1
 Frozen Ramparts          Ice            0%         1d2       100%        3
 Hailstorm                Conj/Ice       0%         3d3       100%        4
 Alistair's Intoxication  Tmut/Pois      0%         N/A       100%        5
 Invisibility             Hex            0%         N/A       100%        6


Dungeon Overview and Level Annotations

Branches:
Dungeon (3/15)              Sewer (1/1)

Altars:

Shops:
D:1 !==?


Innate Abilities, Weirdness & Mutations

You have very sharp fingernails.
You regenerate a little health from kills.


Message History

There is a lethal amount of poison in your body!
You are too injured to fight recklessly!
Unknown command.
You are too injured to fight recklessly!
Unknown command.
There is a lethal amount of poison in your body!
You are too injured to fight recklessly!
Unknown command.
There is a lethal amount of poison in your body!
You are too injured to fight recklessly!
It was a potion of cancellation.
You feel magically purged.
You feel very sick. You block the water moccasin's attack.
You miss the water moccasin.
* * * LOW HITPOINT WARNING * * *
You feel very sick. You block the water moccasin's attack.
The water moccasin bites you.
* * * LOW HITPOINT WARNING * * *
The water moccasin bites you but does no damage.
You feel much better.
You feel very sick. The water moccasin bites you.
You are lethally poisoned!
The water moccasin poisons you!
Okay, then.
You miss the water moccasin.
You feel extremely sick. You block the water moccasin's attack.
The water moccasin closely misses you.
You barely miss the water moccasin.
* * * LOW HITPOINT WARNING * * *
You feel very sick. The water moccasin bites you.
* * * LOW HITPOINT WARNING * * *
You are more poisoned.
The water moccasin poisons you! The water moccasin bites you.
* * * LOW HITPOINT WARNING * * *
You aren't carrying any pieces of jewellery.
You slash the water moccasin!
The water moccasin is moderately wounded.
You die...

#..$?$..#
#.......#
#.......# .......
..... ... #######
#S# ##.....## #@#
#..†≈...## #.#
..†≈≈≈...#######.#
∩.≈≈≈≈≈..........#
...≈≈≈...#######.#
#...≈...## #.#
##.....## #.#
####### #.# #.#


You could see a water moccasin.

Vanquished Creatures
  An orc priest (D:3)
  An orc wizard (D:3)
  3 adders (D:3)
  A river rat (D:3)
  A worm (D:3)
  4 dart slugs
  3 orcs (D:3)
  5 ball pythons
  8 bats
  4 endoplasms
  2 giant cockroaches
  3 goblins
  5 hobgoblins (D:1)
  6 jackals
  3 kobolds (D:1)
  A quokka (D:1)
  3 frilled lizards
  3 rats (D:3)
57 creatures vanquished.

Notes
Turn   | Place    | Note
-------+----------+-------------------------------------------
     0 | D:1      | Sin92 the Demonspawn Fighter began the quest for the Orb.
     0 | D:1      | Reached XP level 1. HP: 18/18 MP: 1/1
   201 | D:1      | Found a faded altar of an unknown god.
   219 | D:1      | Gained mutation: You have sharp fingernails. [demonic
                  | ancestry]
   219 | D:1      | Reached XP level 2. HP: 16/24 MP: 2/2
   550 | D:1      | Found Lytof's Distillery.
   621 | D:1      | Reached XP level 3. HP: 26/29 MP: 3/3
   744 | D:1      | Found Dyviqourch's Magic Scroll Emporium.
   751 | D:1      | Found Uquip's Jewellery Shoppe.
   867 | D:1      | Found Yloguen's Jewellery Shop.
  1820 | D:3      | Reached skill level 1 in Dodging
  1948 | D:3      | Gained mutation: You regenerate a little health from kills.
                  | [demonic ancestry]
  1948 | D:3      | Reached XP level 4. HP: 15/35 MP: 4/4
  2336 | D:3      | Gained mutation: You have very sharp fingernails. [demonic
                  | ancestry]
  2336 | D:3      | Reached XP level 5. HP: 12/41 MP: 5/5
  2342 | D:3      | Found a glowing drain.
  2354 | Sewer    | Entered a sewer
  2387 | Sewer    | Noticed a water moccasin
  2394 | Sewer    | HP: 2/41 [water moccasin (6)]
  2398 | Sewer    | Succumbed to a water moccasin's poison

Illustrated notes

Levels and vault maps discovered:
D:1:      doesnt_arrival_eight_statues, layout_loops_cross,
          chequers_ecumenical_altar_simple, serial_shops, shop, shop,
          nicolae_shop_behind_doors, shop_statue
D:2:      layout_basic
D:3:      layout_loops_ring, nicolae_dithmenos_shadow_blocks,
          portal_sewer_entry_b, minmay_bisected
Sewer:    sewer_big_baddie

Skill      XL: |  1  2  3  4 |
---------------+-------------+-----
Axes           | 2 3 |  3.1
Shields        | 3 |  3.3
Armour         | 3 |  3.2
Dodging        | 1 |  1.5
Fighting       | |  3.6

Action                   |  1- 3 |  4- 6 || total
-------------------------+-------+-------++-------
Melee: War axe           |   102 |    59 ||   161
  Use: Scroll            |     2 |     2 ||     4
       Potion            |       |     4 ||     4
Armor: Scale mail        |    56 |    56 ||   112
Dodge: Dodged            |    31 |    34 ||    65
Block: Kite shield       |    66 |    68 ||   134

Table legend: (Time is in decaauts)
 A = Elapsed time spent in this place.
 B = Non-inter-level travel time spent in this place.
 C = Inter-level travel time spent in this place.
 D = Time resting spent in this place.
 E = Time spent auto-exploring this place.
 F = Levels seen in this place.
 G = Mean time per level.
                   A        B        C        D        E       F      G
               +--------+--------+--------+--------+--------+-----+--------+
         Total |   2498 |   2452 |     46 |    151 |   1813 |   4 |  624.5 |
       Dungeon |   2442 |   2396 |     46 |    151 |   1799 |   3 |  814.0 |
         Sewer |     56 |     56 |      0 |      0 |     14 |   1 |   56.0 |
               +--------+--------+--------+--------+--------+-----+--------+

Top non-repeatable levels by time:
     D:1: 1032 daAuts
     D:2: 810 daAuts
     D:3: 599 daAuts
   Sewer: 56 daAuts
